 Dungeon Crawl Stone Soup version 0.18.1-47-g9310371 (webtiles) character file.

261405 juanjsm the Eclecticist (level 19, 0/103 HPs)
             Began as a Spriggan Enchanter on June 23, 2016.
             Was the Champion of Okawaru.
             Shot with an arrow by a naga sharpshooter (13 damage)
             ... on level 4 of the Snake Pit on June 24, 2016.
             The game lasted 07:58:31 (51486 turns).

juanjsm the Eclecticist (Spriggan Enchanter)       Turns: 51486, Time: 07:58:34

Health: 0/103      AC: 13    Str:  7    XL:     19   Next: 58%
Magic:  43/43      EV: 34    Int: 19    God:    Okawaru [******]
Gold:   1548       SH: 11    Dex: 21    Spells: 14 memorised, 8 levels left

rFire  + + +     SeeInvis +     Q - +6 dagger (vamp)
rCold  + + .     Gourm    .     z - +2 robe {rC+ rF+}
rNeg   . . .     Faith    .     X - +2 buckler {rC+ rF+}
rPois  +         Spirit   .     s - +2 hat
rElec  .         Dismiss  .     c - +1 cloak {MR+}
rCorr  .         Reflect  .     (gloves unavailable)
SustAt .         Harm     .     (boots unavailable)
MR     ++++.                    n - amulet of magic regeneration
Stlth  ++++++++..               O - ring "Oshaduno" {rPois rF+}
                                H - ring "Jaydir" {Wiz Fragile Str+3 Dex+2 Slay+3}

@: very slightly contaminated, regenerating, hasted, studying Charms, very
quick, incredibly resistant to hostile enchantments, extraordinarily stealthy
A: unfitting armour, hooves 1, horns 1, icy blue scales 1, rough black scales 1,
see invisible, clumsy 1, herbivore 3, speed 3, robust 1, slow metabolism 2, wild
magic 1
a: Heroism, Finesse, Renounce Religion
}: 1/15 runes: barnacled


You were on level 4 of the Snake Pit.
You worshipped Okawaru.
Okawaru was exalted by your worship.
You were not hungry.

You visited 7 branches of the dungeon, and saw 37 of its levels.
You visited the Abyss 1 time.
You also visited: Labyrinth, Sewer and Ossuary.

You collected 3804 gold pieces.
You spent 2256 gold pieces at shops.

Inventory:

Hand Weapons
 K - the +8 rapier of Geupyzy {drain, rPois MP+9}
   (Okawaru gifted it to you on level 2 of the Snake Pit)

   A truly terrible weapon, it drains the life of those it strikes.
   It protects you from poison.
   It affects your magic capacity (+9).
 Q - a +6 vampiric dagger (weapon)
Missiles
 L - 13 poisoned needles
 U - 17 throwing nets (quivered)
Armour
 c - a +1 cloak of magic resistance (worn)
 s - a +2 hat (worn)
 t - the +1 mottled dragon armour of Ushempue {Str-5 Int+6 Dex+4}
   (Okawaru gifted it to you on level 3 of the Snake Pit)

   It affects your strength (-5).
   It affects your intelligence (+6).
   It affects your dexterity (+4).
 z - a +2 robe of resistance (worn)
 B - a +2 robe of magic resistance
 X - a +2 buckler of resistance (worn)
Magical Staves
 q - an uncursed staff of energy {unknown}
Jewellery
 n - an amulet of magic regeneration (around neck)
 x - a +3 ring of slaying
 H - the ring "Jaydir" (left hand) {Wiz Fragile Str+3 Dex+2 Slay+3}
   (You took it off a deep elf sorcerer on level 3 of the Elven Halls)

   [ring of wizardry]

   It improves your spell success rate.
   It affects your strength (+3).
   It affects your dexterity (+2).
   It affects your accuracy and damage with ranged weapons and melee attacks
   (+3).
   It will be destroyed if unequipped.
 N - the ring of Widut {-Tele rF+ rC+ Stlth+}
   (You bought it in a shop on level 2 of the Orcish Mines)

   [ring of stealth]

   It protects you from fire.
   It protects you from cold.
   It prevents most forms of teleportation.
   It makes you more stealthy.
 O - the ring "Oshaduno" (right hand) {rPois rF+}
   (You found it on level 2 of the Elven Halls)

   [ring of poison resistance]

   It protects you from fire.
   It protects you from poison.
Wands
 r - a wand of iceblast (9/15)
 u - a wand of lightning (8/15)
 y - a wand of digging (12/24)
 D - a wand of acid (9/15)
 E - a wand of teleportation (5/9)
Scrolls
 e - 5 scrolls of blinking
 k - a scroll of identify
 o - 15 scrolls of teleportation
 p - 3 scrolls of magic mapping
 v - 2 scrolls of fear
 A - 8 scrolls of fog
 W - 2 scrolls of remove curse
Potions
 b - 6 potions of brilliance
 f - 3 potions of agility
 h - 6 potions of lignification
 i - 4 potions of curing
 j - 6 potions of flight
 F - a potion of might
 G - a potion of ambrosia
 I - a potion of cancellation
 M - 3 potions of magic
 P - a potion of resistance
 R - 3 potions of haste
Books
 a - a book of Necromancy

   Spells                             Type                      Level
   a - Pain                           Necromancy                   1
   b - Animate Skeleton               Necromancy                   1
   c - Vampiric Draining              Necromancy                   3
   d - Regeneration                   Charms/Necromancy            3
   e - Animate Dead                   Necromancy                   4
   f - Control Undead                 Necromancy                   4
 C - a book of the Earth

   Spells                             Type                      Level
   a - Leda's Liquefaction            Hexes/Earth                  4
   b - Bolt of Magma                  Conjuration/Fire/Earth       5
   c - Statue Form                    Transmutation/Earth          6
   d - Iron Shot                      Conjuration/Earth            6
   e - Shatter                        Earth                        9
 J - a manual of Charms
Miscellaneous
 g - a phantom mirror
 m - a box of beasts {used: 1}
 w - a fan of gales
 T - a disc of storms
 V - a sack of spiders
 Z - a phial of floods (inert)
Comestibles
 d - 11 bread rations


   Skills:
 * Level 8.2 Fighting
 - Level 10.0 Short Blades
 - Level 15.7 Dodging
 * Level 18.9 Stealth
 - Level 7.2 Shields
 * Level 19.9 Spellcasting
 + Level 4.8 Conjurations
 * Level 18.3 Hexes
 * Level 17.1 Charms
 + Level 0.4 Translocations
 - Level 5.4 Ice Magic
 + Level 11.2 Evocations


You had 8 spell levels left.
You knew the following spells:

 Your Spells              Type           Power        Failure   Level  Hunger
a - Corona                Hex            #######      1%          1    None
b - Ensorcelled Hibernat  Hex/Ice        ######       1%          2    None
c - Confuse               Hex            #######.     1%          3    None
d - Dazzling Spray        Conj/Hex       ######       1%          3    None
e - Tukima's Dance        Hex            #######.     1%          3    None
f - Regeneration          Chrm/Necr      ######....   1%          3    None
g - Fulminant Prism       Conj/Hex       ######....   1%          4    None
h - Invisibility          Hex            #######.     1%          6    ####...
i - Spectral Weapon       Hex/Chrm       #######.     1%          3    None
j - Darkness              Hex            #######...   1%          6    ####...
k - Passwall              Trmt/Erth      ###.......   4%          2    None
l - Iskenderun's Mystic   Conj           #####...     3%          4    None
m - Warp Weapon           Chrm/Tloc      ######....   1%          5    ##.....
n - Petrify               Trmt/Erth      ###.....     19%         4    None


Dungeon Overview and Level Annotations

Branches:
Dungeon (15/15)            Temple (1/1) D:7            Lair (8/8) D:10
 Shoals (4/4) Lair:3        Snake (4/4) Lair:5        Slime (0/6) Lair:6
    Orc (2/2) D:10            Elf (3/3) Orc:2        Vaults (0/5) D:13
 Depths (0/5) D:15

Altars:
Ashenzari
Cheibriados
Dithmenos
Elyvilon
Fedhas
Gozag
Kikubaaqudgha
Makhleb
Nemelex Xobeh
Okawaru
Pakellas
Qazlal
Ru
Sif Muna
Trog
Vehumet
Xom
Yredelemnul
Zin
The Shining One

Shops:
D:10 [(   Orc:2 }([*=!*??   Elf:3 *   Shoals:3 ?   Snake:2 ?   Snake:3 *

Annotations:
D:9 1 runed door
Elf:3 exclusion: Roxanne, Roxanne


Innate Abilities, Weirdness & Mutations

You are tiny and cannot use many weapons and most armour.
You have supernaturally acute eyesight.
You are a herbivore.
You cover ground extremely quickly.
You need consume almost no food.
You have large cloven feet.
You have a pair of small horns on your head.
You are partially covered in icy blue scales (AC +1).
You are partially covered in rough black scales (AC +4, Dex -1).
You are clumsy. (Dex -2)
You are robust (+10% HP).
Your spells are a little harder to cast, but a little more powerful.


Message History

Okay, then.
Drink which item? (? for menu, Esc to quit)
You feel better.
The naga sharpshooter mumbles some strange words.
The naga sharpshooter magically shoots an arrow.
The arrow hits you!
* * * LOW HITPOINT WARNING * * *
You hear a shout!
You see here 2 arrows.
Drink which item? (? for menu, Esc to quit)
You feel better.
The greater naga gestures at you while chanting.
The bolt of poison misses you.
A greater naga comes into view. It is wielding a spear.
The greater naga spits poison at you. You block the splash of poison.
The naga sharpshooter gestures wildly while chanting.
The naga sharpshooter magically shoots an arrow.
The arrow hits you!
You die...

.#.....# #.......N)(≈N.#
#.#....############..)##)≈N######
##..##.......##....)(##...E..(N.N
#..##.......###....(###...)..H÷..
#.....#.....# ##.#(.# #.EN(......
............# #..##.# #.((.......
............###..##N###N##(#.....
............##...#(....###E##....
...)........##..@....####N#.##...
.......)......N##((.###.....###..
............########N#.......####
............# #.#.......####
............### #.E........#..
............#..### #..........###
..........#......###.........## #
.........#........##...##....#
##.###..#............#######.#


You could see 2 greater nagas, a naga sharpshooter and a naga.

Vanquished Creatures
  Nikola (Shoals:2)
  The ghost of PeterLawrence the Warrior, an adept MiFi of Okawaru (Elf:1)
  3 deep elf blademasters
  2 deep elf master archers (Elf:3)
  Frances (D:13)
  Gastronok (Lair:2)
  Polyphemus (Shoals:3)
  A storm dragon (D:13)
  Kirke (D:14)
  2 greater nagas
  Ilsuiw (Shoals:4)
  A frost giant (Shoals:4)
  3 deep elf sorcerers
  Aizul (Shoals:4)
  An orc warlord (Orc:2)
  Maud (Lair:5)
  Louise (Shoals:4)
  The ghost of TBriggs11TB the Impaler, a journeyman MiFi of the Shining One (Lair:8)
  3 ghouls (D:13)
  5 deep elf elementalists (Elf:3)
  The ghost of Malvoorn the Cruncher, a journeyman MiGl of Okawaru (Lair:2)
  4 deep elf demonologists
  8 deep elf annihilators
  Snorg (Lair:7)
  An ettin (Orc:2)
  A fire dragon (Lair:8)
  A minotaur (Lab)
  3 deep elf death magi
  4 merfolk impalers
  6 merfolk javelineers
  6 deep elf high priests
  8 vault guards (D:13)
  12 naga warriors
  2 hydras
  Fannar (Lair:3)
  Harold (D:10)
  2 ice dragons (D:15)
  3 centaur warriors
  2 catoblepae
  12 anacondas
  A merfolk avatar (Shoals:4)
  2 merfolk aquamancers (Shoals:4)
  30 dancing weapons
  Erica (D:11)
  2 satyrs
  2 alligator snapping turtles
  10 death yaks
  5 orc high priests
  6 shock serpents
  Sonja (Lair:3)
  17 deep elf knights
  Nergalle (Lair:2)
  11 naga sharpshooters
  A salamander mystic (Snake:4)
  12 sea snakes
  6 skeletal warriors (D:13)
  A swamp dragon (shapeshifter) (Elf:2)
  8 naga ritualists
  4 unseen horrors
  11 deep elf archers
  5 orc knights
  A kraken simulacrum (Shoals:4)
  A hill giant (D:6)
  14 griffons
  9 harpies
  56 deep elf magi
  11 mana vipers
  7 salamanders
  4 fauns
  8 orc sorcerers
  4 oklob plants
  5 cyclopes
  3 ugly things
  An elephant (Lair:6)
  Maurice (Orc:2)
  8 naga magi
  5 manticores
  12 sirens
  6 water nymphs
  27 black mambas
  Psyche (D:9)
  14 spiny frogs
  7 rime drakes
  A torpor snail (Lair:6)
  A tengu conjurer (D:14)
  8 komodo dragons
  A guardian mummy (D:13)
  26 merfolk
  5 trolls
  8 blink frogs
  A wind drake (Shoals:4)
  The ghost of Aquadorian the Insei, an amateur DsMo of Ru (D:5)
  11 snapping turtles
  A boulder beetle (Lair:5)
  3 air elementals (Elf:2)
  A spriggan (D:13)
  A shadow (D:12)
  6 water elementals
  2 wraiths
  37 yaks
  Sigmund (D:4)
  2 wyverns
  6 hippogriffs
  6 basilisks
  2 fire elementals (Elf:2)
  7 vampire mosquitoes
  A hungry ghost (D:8)
  2 steam dragons (Lair:8)
  Menkaure (D:7)
  A warg (Elf:2)
  A mottled dragon (Lair:8)
  42 nagas
  15 water moccasins
  2 hell hounds (Lair:6)
  9 porcupines
  3 swamp drakes (Lair:8)
  44 orc warriors
  4 sky beasts
  2 wasps
  3 ice beasts
  A necrophage (D:9)
  A phantom (D:14)
  5 boggarts (D:14)
  A boggart (shapeshifter) (Elf:2)
  An eye of draining (D:14)
  11 ogres
  The ghost of raikaria the Grasshopper, an amateur DsWr (D:4)
  14 centaurs
  19 crocodiles
  2 big kobolds
  Blork the orc (D:5)
  19 giant frogs
  2 elf zombies (Ossuary)
  3 gnoll sergeants (D:9)
  4 earth elementals
  A wyvern zombie (D:8)
  3 scorpions
  A wyvern skeleton (D:7)
  12 killer bees
  A water moccasin skeleton (D:11)
  2 howler monkeys
  10 wights
  4 electric eels
  5 crimson imps
  4 centaur zombies
  5 centaur skeletons
  5 hounds
  5 giant frog zombies
  34 orc priests
  A human zombie (Ossuary)
  6 jellies
  39 orc wizards
  Jessica (D:2)
  2 gnoll shamans (D:9)
  13 iguanas
  6 worker ants
  27 sheep
  A killer bee zombie (D:11)
  A hound zombie (D:5)
  3 mummies (Ossuary)
  A worker ant zombie (D:8)
  13 gnolls (D:9)
  17 adders
  41 river rats
  3 shadow imps
  12 white imps (Lair:1)
  4 oozes
  6 adder zombies (Ossuary)
  An adder skeleton (D:4)
  4 worms
  A dart slug (D:1)
  3 giant geckos
  129 orcs
  9 bats
  4 giant cockroaches
  5 goblins
  8 hobgoblins
  10 jackals
  13 kobolds
  4 quokkas
  A ball python (D:4)
  4 giant newts
  A gnoll zombie (Ossuary)
  4 goblin zombies (Ossuary)
  3 hobgoblin zombies (Ossuary)
  A jackal skeleton (D:4)
  5 jackal zombies (Ossuary)
  A kobold zombie (Ossuary)
  An orc zombie (Ossuary)
  3 quokka zombies
  10 rats
  7 rat zombies (Ossuary)
  A crawling corpse (Elf:3)
  2 fulminant prisms
  3 plants
1333 creatures vanquished.

Vanquished Creatures (collateral kills)
  A naga (Snake:4)
1 creature vanquished.

Vanquished Creatures (others)
  A deep elf annihilator (Elf:3)
  A deep elf death mage (Elf:3)
  A naga warrior (Snake:4)
  A naga sharpshooter (Snake:1)
  A deep elf knight (Elf:2)
  A deep elf archer (Elf:2)
  3 deep elf magi
  A wizard (D:13)
  A mana viper (Snake:1)
  A guardian serpent (Snake:4)
  A merfolk (Shoals:3)
  A water elemental (Elf:2)
  A naga (Snake:1)
  A crawling corpse (Elf:3)
  11 fulminant prisms
  20 fungi
  25 plants
  3 tentacles (Shoals:4)
  41 tentacle segments (Shoals:4)
116 creatures vanquished.

Grand Total: 1450 creatures vanquished

Notes
Turn   | Place    | Note
--------------------------------------------------------------
     0 | D:1      | juanjsm the Spriggan Enchanter began the quest for the Orb.
     0 | D:1      | Reached XP level 1. HP: 9/9 MP: 5/5
   162 | D:1      | Reached XP level 2. HP: 4/13 MP: 6/6
   166 | D:1      | Learned a level 2 spell: Ensorcelled Hibernation
   364 | D:1      | Reached skill level 3 in Spellcasting
   469 | D:1      | Reached skill level 5 in Stealth
   749 | D:4      | Found a burning altar of Makhleb.
   755 | D:4      | Found a glowing drain.
   761 | D:4      | Reached XP level 3. HP: 16/16 MP: 5/8
   770 | D:4      | Reached skill level 1 in Ice Magic
   782 | Sewer    | Entered a sewer
   784 | Sewer    | Reached XP level 4. HP: 21/21 MP: 3/9
  1070 | Sewer    | Noticed a big kobold
  1190 | Sewer    | Learned a level 3 spell: Confuse
  1195 | Sewer    | Killed a big kobold
  1195 | Sewer    | Reached XP level 5. HP: 11/24 MP: 3/11
  1200 | Sewer    | Learned a level 3 spell: Dazzling Spray
  1249 | Sewer    | Found a white marble altar of Elyvilon.
  1304 | D:5      | Entered Level 5 of the Dungeon
  2010 | D:2      | Noticed Jessica
  2016 | D:2      | Killed Jessica
  2301 | D:3      | Reached XP level 6. HP: 19/29 MP: 9/12
  2752 | D:4      | Noticed Sigmund
  2766 | D:4      | Killed Sigmund
  2766 | D:4      | Reached skill level 4 in Spellcasting
  2766 | D:4      | Reached skill level 5 in Hexes
  2888 | D:4      | Noticed raikaria's ghost (amateur DsWr)
  2893 | D:4      | Killed raikaria's ghost
  2893 | D:4      | Reached skill level 1 in Fighting
  2893 | D:4      | Reached XP level 7. HP: 27/33 MP: 1/14
  2898 | D:4      | Learned a level 3 spell: Tukima's Dance
  3407 | D:5      | Found a sacrificial altar of Ru.
  3407 | D:5      | Found an oddly glowing altar of Pakellas.
  3410 | D:5      | Found a stormy altar of Qazlal.
  3414 | D:5      | Found a shadowy altar of Dithmenos.
  3415 | D:5      | Found an ancient bone altar of Kikubaaqudgha.
  3418 | D:5      | Found an opulent altar of Gozag.
  4296 | D:5      | Reached skill level 5 in Spellcasting
  4407 | D:5      | Reached XP level 8. HP: 37/37 MP: 7/16
  4962 | D:5      | Reached skill level 5 in Short Blades
  5018 | D:5      | Noticed Blork the orc
  5126 | D:5      | Reached skill level 6 in Spellcasting
  5166 | D:5      | Killed Blork the orc
  5225 | D:5      | Noticed Aquadorian's ghost (amateur DsMo)
  5239 | D:5      | Killed Aquadorian's ghost
  5239 | D:5      | Reached skill level 5 in Dodging
  5457 | D:6      | Noticed a hill giant
  5512 | D:6      | Killed a hill giant
  5512 | D:6      | Reached skill level 10 in Stealth
  5512 | D:6      | Reached XP level 9. HP: 41/41 MP: 19/19
  5676 | D:6      | Found a shadowy altar of Dithmenos.
  6011 | D:6      | Got a crystal spear
  6038 | D:7      | Found a staircase to the Ecumenical Temple.
  6131 | Temple   | Entered the Ecumenical Temple
  6139 | Temple   | Became a worshipper of Warmaster Okawaru
  6481 | Temple   | Lost strength.
  6481 | Temple   | Identified the +8 spear of Context {freeze, rElec rPois rF+ Str-4} (You found it on level 6 of the Dungeon)
  6533 | D:7      | Noticed Menkaure
  6547 | D:7      | Killed Menkaure
  6763 | D:8      | Found a sand-covered staircase.
  6770 | Ossuary  | Entered an ossuary
  6889 | Ossuary  | Reached skill level 7 in Spellcasting
  7500 | D:7      | Reached * piety under Okawaru
  8079 | D:9      | Reached ** piety under Okawaru
  8124 | D:10     | Entered Level 10 of the Dungeon
  8130 | D:10     | Reached XP level 10. HP: 46/46 MP: 4/22
  8470 | D:8      | Found a shattered altar of Ashenzari.
  8947 | D:8      | Reached skill level 1 in Evocations
  9044 | D:9      | Reached *** piety under Okawaru
  9044 | D:9      | Reached skill level 8 in Spellcasting
  9234 | D:9      | Gained mutation: You are clumsy. (Dex -2) [potion of mutation]
  9234 | D:9      | Gained mutation: Your body sometimes deteriorates upon taking damage. [potion of mutation]
  9234 | D:9      | Gained mutation: Your spells are a little harder to cast, but a little more powerful. [potion of mutation]
  9248 | D:9      | Lost mutation: Your body sometimes deteriorates upon taking damage. [potion of cure mutation]
  9248 | D:9      | Lost mutation: You are clumsy. (Dex -2) [potion of cure mutation]
  9248 | D:9      | Lost mutation: Your spells are a little harder to cast, but a little more powerful. [potion of cure mutation]
  9281 | D:9      | Noticed Psyche
  9443 | D:9      | Found a runed door.
  9467 | D:9      | Found a runed door.
  9579 | D:9      | Killed Psyche
 10280 | D:11     | Noticed Erica
 10312 | D:11     | Found an oddly glowing altar of Pakellas.
 10377 | D:11     | Found a labyrinth entrance.
 10393 | Lab      | Entered a labyrinth
 11397 | Lab      | Noticed a minotaur
 11399 | Lab      | Killed a minotaur
 11403 | Lab      | Identified the Tome of Necromancy and Confrontation
 11484 | D:11     | Killed Erica
 11484 | D:11     | Reached **** piety under Okawaru
 11484 | D:11     | Reached XP level 11. HP: 49/49 MP: 12/24
 11819 | D:10     | Found a staircase to the Lair.
 11948 | Lair:1   | Entered Level 1 of the Lair of Beasts
 12036 | Lair:2   | Noticed Malvoorn's ghost (journeyman MiGl)
 12045 | Lair:2   | Killed Malvoorn's ghost
 12045 | Lair:2   | Reached ***** piety under Okawaru
 12045 | Lair:2   | Reached skill level 9 in Spellcasting
 12980 | D:10     | Noticed Harold
 13100 | D:10     | Got a brightly glowing long sword
 13105 | D:10     | Found Taydur's Weapon Shop.
 13105 | D:10     | Found a staircase to the Orcish Mines.
 13105 | D:10     | Found Tuegon's Armour Shop.
 13106 | D:10     | Noticed an orc knight
 13153 | D:10     | Killed an orc knight
 13170 | D:10     | Reached skill level 15 in Stealth
 13228 | D:10     | Received a gift from Okawaru
 13502 | D:10     | Killed Harold
 13502 | D:10     | Reached skill level 5 in Evocations
 13828 | Lair:2   | Identified the cursed +2 long sword "Vial" {venom, Str+4 Dex-3} (You found it on level 10 of the Dungeon)
 13876 | Lair:2   | Identified a +1 rod of shadows (9/9) (You found it in a labyrinth)
 13877 | Lair:2   | Identified a +2 rod of clouds (10/10) (You found it in a labyrinth)
 13906 | Lair:2   | Learned a level 3 spell: Regeneration
 14078 | Lair:1   | Reached skill level 1 in Shields
 14197 | Lair:1   | Reached skill level 1 in Conjurations
 14197 | Lair:1   | Reached skill level 10 in Hexes
 14900 | Lair:2   | Noticed Gastronok
 15027 | Lair:2   | Reached XP level 12. HP: 53/53 MP: 26/26
 15040 | Lair:2   | Noticed Nergalle
 15046 | Lair:2   | Killed Nergalle
 15313 | Lair:2   | Got a shimmering war axe
 15507 | Lair:2   | Killed Gastronok
 15507 | Lair:2   | Reached skill level 10 in Spellcasting
 15718 | Lair:2   | Gained mutation: You possess an exceptional clarity of mind. [potion of mutation]
 15718 | Lair:2   | Gained mutation: Your mind is acute. (Int +2) [potion of mutation]
 15718 | Lair:2   | Gained mutation: You are partially covered in rough black scales (AC +4, Dex -1). [potion of mutation]
 15773 | Lair:2   | Learned a level 4 spell: Fulminant Prism
 15811 | Lair:3   | Noticed Sonja
 15842 | Lair:3   | Killed Sonja
 15855 | Lair:3   | Gained mutation: You evolve. [potion of mutation]
 15855 | Lair:3   | Gained mutation: You are partially covered in icy blue scales (AC +1). [potion of mutation]
 15855 | Lair:3   | Gained mutation: You occasionally shout uncontrollably at your foes. [potion of mutation]
 16030 | Lair:3   | Found a staircase to the Shoals.
 16316 | Lair:3   | Noticed Fannar
 16329 | Lair:3   | Killed Fannar
 16671 | Lair:4   | Noticed a six-headed hydra
 16683 | Lair:4   | Killed a six-headed hydra
 16683 | Lair:4   | Received a gift from Okawaru
 17085 | Lair:4   | Reached XP level 13. HP: 50/57 MP: 26/28
 17221 | Lair:4   | Reached skill level 10 in Short Blades
 17582 | Lair:5   | Found a staircase to the Snake Pit.
 18063 | Lair:5   | Noticed Maud
 18129 | Lair:5   | Killed Maud
 18550 | Lair:6   | Reached ****** piety under Okawaru
 18633 | Lair:6   | Found a staircase to the Slime Pits.
 18690 | Lair:6   | Received a gift from Okawaru
 18789 | Lair:6   | Gained mutation: You are robust (+10% HP). [evolution]
 20192 | Lair:6   | Reached skill level 11 in Spellcasting
 20192 | Lair:6   | Reached skill level 5 in Ice Magic
 20209 | Lair:7   | Noticed Snorg
 20218 | Lair:8   | Entered Level 8 of the Lair of Beasts
 20311 | Lair:7   | Killed Snorg
 21031 | Lair:8   | Noticed TBriggs11TB's ghost (journeyman MiFi)
 21037 | Lair:8   | Found a glowing silver altar of Zin.
 21132 | Lair:8   | Reached skill level 10 in Dodging
 21170 | Lair:8   | Received a gift from Okawaru
 22029 | Lair:8   | Killed TBriggs11TB's ghost
 22040 | Lair:8   | Reached XP level 14. HP: 71/71 MP: 15/30
 22630 | Lair:8   | Reached skill level 5 in Charms
 22925 | Lair:2   | Learned a level 6 spell: Invisibility
 22929 | Lair:2   | Learned a level 3 spell: Spectral Weapon
 23021 | Orc:1    | Entered Level 1 of the Orcish Mines
 23095 | Orc:2    | Entered Level 2 of the Orcish Mines
 23363 | Orc:2    | Found Amev's Assorted Antiques.
 23454 | Orc:2    | Found a deep blue altar of Sif Muna.
 23517 | Orc:2    | Found Byruge Noeh's Magic Scroll Shop.
 23520 | Orc:2    | Found a staircase to the Elven Halls.
 23521 | Orc:2    | Found Qock's Magic Scroll Emporium.
 23568 | Orc:2    | Noticed Maurice
 23569 | Orc:2    | Found Hiereer's Distillery.
 23585 | Orc:2    | Killed Maurice
 23585 | Orc:2    | Received a gift from Okawaru
 23688 | Orc:2    | Found Derut's Gadget Shop.
 23771 | Orc:2    | Reached skill level 12 in Spellcasting
 23821 | Orc:2    | Lost mutation: You possess an exceptional clarity of mind. [a neqoxec]
 23916 | Orc:2    | Noticed an orc warlord
 23937 | Orc:2    | Killed an orc warlord
 24739 | Orc:2    | Found Ciffyn's General Store.
 24740 | Orc:2    | Found Ragonk's Jewellery Emporium.
 24741 | Orc:2    | Found Narchu's Antique Armour Emporium.
 24741 | Orc:2    | Found Votanu Idio's Antique Weapon Shoppe.
 24758 | Orc:2    | Reached skill level 10 in Evocations
 25040 | Orc:2    | Bought a scroll of identify for 26 gold pieces
 25040 | Orc:2    | Bought a scroll of amnesia for 45 gold pieces
 25050 | Orc:2    | Bought a wizard robe for 176 gold pieces
 25060 | Orc:2    | Identified the cursed +0 robe of Mumblety Peg {rC+} (You bought it in a shop on level 2 of the Orcish Mines)
 25061 | Orc:2    | Bought a glowing blowgun for 90 gold pieces
 25070 | Orc:2    | Bought a potion of curing for 39 gold pieces
 25070 | Orc:2    | Bought a potion of curing for 39 gold pieces
 25070 | Orc:2    | Bought a scroll of enchant weapon for 97 gold pieces
 25117 | Orc:2    | Bought a wand of teleportation (5/9) for 270 gold pieces
 25147 | Orc:2    | Bought a potion of mutation for 37 gold pieces
 25147 | Orc:2    | Bought a potion of heal wounds for 75 gold pieces
 25147 | Orc:2    | Gained mutation: You are resistant to electric shocks. [potion of mutation]
 25147 | Orc:2    | Gained mutation: Your mind is very acute. (Int +4) [potion of mutation]
 25147 | Orc:2    | Gained mutation: Your spells are a little harder to cast, but a little more powerful. [potion of mutation]
 25180 | Orc:2    | Bought a scroll of identify for 30 gold pieces
 25180 | Orc:2    | Bought a scroll of identify for 30 gold pieces
 25180 | Orc:2    | Bought a scroll of remove curse for 45 gold pieces
 25180 | Orc:2    | Bought a scroll of identify for 30 gold pieces
 25180 | Orc:2    | Bought a scroll of identify for 30 gold pieces
 25180 | Orc:2    | Bought a scroll of fear for 52 gold pieces
 25185 | Orc:2    | Bought a scroll of remove curse for 39 gold pieces
 25185 | Orc:2    | Bought a scroll of identify for 26 gold pieces
 25185 | Orc:2    | Bought a scroll of fog for 26 gold pieces
 25185 | Orc:2    | Bought a scroll of identify for 26 gold pieces
 25210 | Orc:2    | Bought a scroll labeled FEQ UDOERAUH for 27 gold pieces
 25210 | Orc:2    | Bought a serpentine amber ring for 135 gold pieces
 25211 | Orc:2    | Identified the ring of Widut {-Tele rF+ rC+ Stlth+} (You bought it in a shop on level 2 of the Orcish Mines)
 25271 | Orc:2    | Identified Sif Muna's Catalogue of the Mountains
 25386 | Lair:2   | Identified a scroll of acquirement
 25414 | Lair:2   | Cast into level 2 of the Abyss (a distortion unwield)
 25429 | Abyss:2  | Found a corrupted altar of Lugonu.
 25544 | Abyss:2  | Noticed a deep elf sorcerer
 25608 | Lair:2   | Escaped the Abyss
 25644 | Lair:2   | Learned a level 6 spell: Darkness
 26461 | D:12     | Received a gift from Okawaru
 27218 | D:15     | Entered Level 15 of the Dungeon
 27437 | D:13     | Noticed a storm dragon
 27462 | D:13     | Killed a storm dragon
 27487 | D:14     | Reached XP level 15. HP: 78/78 MP: 24/32
 27605 | D:13     | Reached skill level 5 in Fighting
 27664 | D:13     | Reached skill level 13 in Spellcasting
 27726 | D:13     | Received a gift from Okawaru
 27917 | D:13     | Found a gate to the Vaults.
 27932 | D:13     | Noticed Frances
 27935 | D:13     | Killed Frances
 28152 | D:13     | Found a bloodstained altar of Trog.
 28322 | D:13     | Reached skill level 5 in Shields
 28484 | D:13     | Received a gift from Okawaru
 28484 | D:13     | Reached skill level 10 in Charms
 28503 | D:13     | Reached skill level 14 in Spellcasting
 28806 | D:14     | Found a sacrificial altar of Ru.
 29029 | D:14     | Noticed Kirke
 29070 | D:14     | Killed Kirke
 29655 | D:14     | Lost mutation: You occasionally shout uncontrollably at your foes. [evolution]
 29909 | D:15     | Found a staircase to the Depths.
 30900 | Lair:2   | Learned a level 2 spell: Passwall
 30905 | Lair:2   | Learned a level 4 spell: Iskenderun's Mystic Blast
 31047 | Elf:1    | Entered Level 1 of the Elven Halls
 31099 | Elf:1    | Noticed PeterLawrence's ghost (adept MiFi)
 31245 | Elf:1    | Received a gift from Okawaru
 31679 | Elf:1    | Reached XP level 16. HP: 54/84 MP: 27/35
 31777 | Elf:3    | Entered Level 3 of the Elven Halls
 32581 | Elf:1    | Killed PeterLawrence's ghost
 32581 | Elf:1    | Reached skill level 15 in Spellcasting
 32739 | Elf:2    | Found a huge runed gate.
 32739 | Elf:2    | Found a huge runed gate.
 32739 | Elf:2    | Found a huge runed gate.
 33281 | Elf:3    | Found Opuapan's General Store.
 33616 | Elf:2    | Got a crude bronze ring
 33618 | Elf:2    | Identified the ring "Oshaduno" {rPois rF+} (You found it on level 2 of the Elven Halls)
 33676 | Elf:2    | Received a gift from Okawaru
 33676 | Elf:2    | Reached skill level 15 in Hexes
 34747 | Elf:3    | Noticed Roxanne
 35225 | Elf:3    | Reached skill level 16 in Spellcasting
 35264 | Elf:3    | Noticed an Ice Fiend
 35267 | Elf:3    | Noticed a Tzitzimitl
 35584 | Elf:3    | Noticed a deep elf master archer
 35621 | Elf:3    | Noticed a deep elf blademaster
 35622 | Elf:3    | Killed a deep elf master archer
 36732 | Elf:2    | Noticed a deep elf blademaster
 36831 | Elf:2    | Killed a deep elf blademaster
 36831 | Elf:2    | Reached XP level 17. HP: 45/90 MP: 29/38
 37181 | Elf:2    | Received a gift from Okawaru
 37898 | Elf:2    | Reached skill level 17 in Spellcasting
 38297 | Elf:3    | Noticed a deep elf master archer
 38989 | Elf:3    | Killed a deep elf master archer
 39110 | Elf:3    | Noticed a deep elf blademaster
 39129 | Elf:3    | Killed a deep elf blademaster
 39141 | Elf:3    | Gained mutation: Potions and wands are less effective at restoring your health. [mutagenic glow]
 39500 | Elf:3    | Noticed a Brimstone Fiend
 39507 | Elf:3    | Noticed a Brimstone Fiend
 39509 | Elf:3    | Noticed a Brimstone Fiend
 40159 | Elf:3    | Noticed a Hell Sentinel
 40346 | Elf:3    | Got an ancient platinum ring
 40446 | Elf:3    | Noticed a Tzitzimitl
 40705 | Elf:3    | Noticed a Tzitzimitl
 41071 | Elf:2    | Identified the ring "Jaydir" {Wiz Fragile Str+3 Dex+2 Slay+3} (You took it off a deep elf sorcerer on level 3 of the Elven Halls)
 41393 | Elf:2    | Killed a deep elf blademaster
 41393 | Elf:2    | Received a gift from Okawaru
 41504 | Elf:3    | Gained mutation: You are clumsy. (Dex -2) [potion of mutation]
 41553 | Elf:3    | Identified the Guide on Beguiling and the Voyage (You found it on level 3 of the Elven Halls)
 41986 | Orc:2    | Bought 2 potions of mutation for 135 gold pieces
 42130 | Orc:2    | Bought a potion of curing for 45 gold pieces
 42320 | Shoals:1 | Entered Level 1 of the Shoals
 42456 | Shoals:2 | Noticed Nikola
 42757 | Shoals:4 | Entered Level 4 of the Shoals
 42757 | Shoals:4 | Found an oddly glowing altar of Pakellas.
 42945 | Shoals:2 | Reached skill level 18 in Spellcasting
 43070 | Shoals:1 | Received a gift from Okawaru
 43563 | Shoals:2 | Reached XP level 18. HP: 96/96 MP: 37/41
 43623 | Shoals:2 | Got a smoking sapphire amulet
 43864 | Shoals:2 | Killed Nikola
 43864 | Shoals:2 | Received a gift from Okawaru
 43940 | Shoals:3 | Identified the amulet "Ixoa" {Inacc MP+9 Dex+2} (You found it on level 2 of the Shoals)
 43985 | Shoals:3 | Lost mutation: You are resistant to electric shocks. [potion of mutation]
 43985 | Shoals:3 | Lost mutation: Your mind is very acute. (Int +4) [potion of mutation]
 43986 | Shoals:3 | Gained mutation: You have large cloven feet. [potion of mutation]
 43986 | Shoals:3 | Lost mutation: Potions and wands are less effective at restoring your health. [potion of mutation]
 44041 | Shoals:3 | Found Sehaepso's Magic Scroll Shoppe.
 44049 | Shoals:3 | Bought a scroll of enchant armour for 90 gold pieces
 44049 | Shoals:3 | Bought a scroll of enchant weapon for 90 gold pieces
 44049 | Shoals:3 | Bought a scroll of identify for 24 gold pieces
 44049 | Shoals:3 | Bought a scroll of enchant weapon for 90 gold pieces
 44108 | Shoals:3 | Noticed Polyphemus
 44119 | Shoals:3 | Killed Polyphemus
 44119 | Shoals:3 | Reached skill level 15 in Charms
 44703 | Shoals:4 | Noticed Louise
 44714 | Shoals:4 | Noticed Aizul
 44724 | Shoals:4 | Killed Louise
 44907 | Shoals:4 | Noticed Ilsuiw
 45148 | Shoals:4 | Reached skill level 15 in Dodging
 45430 | Shoals:4 | Received a gift from Okawaru
 45705 | Shoals:4 | Killed Ilsuiw
 45877 | Shoals:4 | Killed Aizul
 46139 | Shoals:4 | Got a barnacled rune of Zot
 46358 | Lair:2   | Learned a level 5 spell: Warp Weapon
 46363 | Lair:2   | Learned a level 4 spell: Petrify
 46480 | Snake:1  | Entered Level 1 of the Snake Pit
 46519 | Snake:1  | Reached skill level 19 in Spellcasting
 46682 | Snake:1  | Received a gift from Okawaru
 47728 | Snake:2  | Found Todig's Magic Scroll Shop.
 47736 | Snake:2  | Lost mutation: You evolve. [evolution]
 47747 | Snake:2  | Bought a scroll of identify for 32 gold pieces
 47747 | Snake:2  | Bought a scroll of fog for 32 gold pieces
 47747 | Snake:2  | Bought a scroll of fear for 56 gold pieces
 47747 | Snake:2  | Bought a scroll of teleportation for 48 gold pieces
 47747 | Snake:2  | Bought a scroll of fear for 56 gold pieces
 47747 | Snake:2  | Bought a scroll of magic mapping for 56 gold pieces
 47747 | Snake:2  | Bought a scroll of identify for 32 gold pieces
 47747 | Snake:2  | Bought a scroll of identify for 32 gold pieces
 47747 | Snake:2  | Bought a scroll of teleportation for 48 gold pieces
 47932 | Snake:2  | Reached XP level 19. HP: 102/102 MP: 29/43
 48206 | Snake:2  | You fall through a shaft!
 48249 | Snake:3  | Found Zigevo's Assorted Antiques.
 48254 | Snake:4  | Entered Level 4 of the Snake Pit
 48304 | Snake:2  | Received a gift from Okawaru
 48316 | Snake:2  | Got a jewelled rapier {god gift}
 48317 | Snake:2  | Identified the +8 rapier of Geupyzy {drain, rPois MP+9} (Okawaru gifted it to you on level 2 of the Snake Pit)
 49169 | Snake:3  | Gained mutation: You have a pair of small horns on your head. [potion of mutation]
 49169 | Snake:3  | Lost mutation: Your mind is acute. (Int +2) [potion of mutation]
 49806 | Snake:3  | Received a gift from Okawaru
 49820 | Snake:3  | Got a diamond-encrusted mottled dragon armour {god gift}
 49831 | Snake:3  | Identified the +1 mottled dragon armour of Ushempue {Str-5 Int+6 Dex+4} (Okawaru gifted it to you on level 3 of the Snake Pit)
 51482 | Snake:4  | HP: 5/103 [naga sharpshooter/bolt (4)]
 51486 | Snake:4  | Shot with an arrow by a naga sharpshooter

Skill      XL: |  1  2  3  4  5  6  7  8  9 10 11 12 13 14 15 16 17 18 19 |
---------------+----------------------------------------------------------+-----
Spellcasting   | 3 4 5 6 7 8 9 10 11 12 14 16 18 19 | 19.9
Stealth        | 5 6 7 8 10 12 14 15 16 17 18 | 18.9
Hexes          | 4 5 7 8 9 10 11 12 14 15 16 17 18 | 18.3
Ice Magic      | 1 2 3 4 5 |  5.4
Short Blades   | 2 3 4 5 6 8 9 10 | 10.0
Dodging        | 4 5 6 7 9 10 11 12 13 14 15 | 15.7
Fighting       | 1 2 3 4 5 6 7 8 |  8.2
Evocations     | 3 5 7 8 10 11 | 11.2
Shields        | 1 2 3 4 5 6 7 |  7.2
Conjurations   | 1 3 4 |  4.8
Charms         | 3 8 11 12 14 16 17 | 17.1
Translocations | |  0.4

Action                   |  1- 3 |  4- 6 |  7- 9 | 10-12 | 13-15 | 16-18 | 19-21 || total
-------------------------+-------+-------+-------+-------+-------+-------+-------++-------
Melee: Dagger            |    62 |   129 |   274 |   467 |   978 |   826 |   240 ||  2976
       Kick              |       |       |       |       |       |    63 |    68 ||   131
       Headbutt          |       |       |       |       |       |       |    22 ||    22
Throw: Throwing net      |       |       |       |       |       |     6 |       ||     6
 Cast: Corona            |     5 |       |       |       |     1 |       |       ||     6
       Ensorcelled Hiber |    11 |    40 |    83 |   185 |   371 |   229 |    62 ||   981
       Confuse           |       |     7 |    56 |    68 |   243 |   173 |    66 ||   613
       Dazzling Spray    |       |       |     1 |       |    18 |   121 |    28 ||   168
       Fulminant Prism   |       |       |       |     2 |     6 |     5 |       ||    13
       Invisibility      |       |       |       |       |     7 |    23 |     2 ||    32
       Spectral Weapon   |       |       |       |       |     1 |     3 |       ||     4
       Iskenderun's Myst |       |       |       |       |       |     7 |       ||     7
       Regeneration      |       |       |       |       |       |     3 |     5 ||     8
       Warp Weapon       |       |       |       |       |       |     4 |     7 ||    11
       Petrify           |       |       |       |       |       |     2 |       ||     2
       Tukima's Dance    |       |       |       |       |       |     1 |       ||     1
Evoke: Box of beasts     |       |       |       |       |       |       |     1 ||     1
       Phial of floods   |       |       |       |       |       |       |     1 ||     1
       Sack of spiders   |       |       |       |       |       |       |     1 ||     1
  Use: Scroll            |       |     6 |     8 |     8 |    22 |    19 |     5 ||    68
       Potion            |       |     2 |     1 |     5 |    15 |    25 |     7 ||    55
 Stab: Sleeping          |    14 |    43 |    82 |   164 |   300 |   166 |    57 ||   826
       Confused          |       |     2 |    37 |    42 |   116 |    59 |    34 ||   290
       Invisible         |       |       |     1 |       |    57 |   108 |    17 ||   183
       Distracted        |       |       |       |     8 |    17 |     6 |     2 ||    33
       Held in net/web   |       |       |       |       |       |     1 |       ||     1
  Eat: Fruit             |       |     2 |       |       |       |     3 |       ||     5
       Bread ration      |       |       |     1 |     2 |     4 |     3 |     1 ||    11
       Royal jelly       |       |       |     1 |     1 |       |     3 |     1 ||     6
       Pizza             |       |       |       |       |       |     3 |     1 ||     4
Armor: Robe              |     4 |     8 |    12 |    14 |    55 |    46 |    15 ||   154
Dodge: Dodged            |    35 |   107 |   140 |   227 |   955 |   676 |   146 ||  2286
Block: Buckler           |       |       |       |       |       |    36 |    98 ||   134
